 Dungeon Sprint DCSS version 0.27-a0-1147-gb3d8e82157 (webtiles) character file.

Game seed: 12799743471144711116

223 Zeld the Zephyrmancer (level 6, 0/42 HPs)
             Began as an Octopode Air Elementalist on May 11, 2021.
             Was a Priest of Sif Muna.
             Slain by an air elemental (13 damage)
             ... in the Dungeon (Sprint V: "Ziggurat Sprint").
             The game lasted 00:02:42 (707 turns).

Zeld the Zephyrmancer (Octopode Air Elementalist)    Turns: 707, Time: 00:02:43

Health: 0/42       AC:  1    Str:  7    XL:     6   Next: 0%
Magic:  14/14      EV: 14    Int: 35    God:    Sif Muna [***...]
Gold:   0          SH:  0    Dex: 12    Spells: 4/16 levels left

rFire    . . .     SeeInvis .   (no weapon)
rCold    . . .     Faith    .   (no shield)
rNeg     . . .     Spirit   .   (helmet restricted)
rPois    .         Reflect  .   y - amulet of Sevecos {Acrobat Int+3}
rElec    .         Harm     .   t - +6 ring of intelligence
rCorr    .         Rampage  .   s - +6 ring of intelligence
Will     .....     NoTele   +   (no ring)
Stlth    +++.......             (no ring)
HPRegen  0.14/turn              (no ring)
MPRegen  0.14/turn              (no ring)
                                (no ring)
                                (no ring)

@: flying (expiring)
A: almost no armour, amphibious, 8 rings, camouflage 1, gelatinous body 1,
(nimble swimmer 1), tentacles
a: Renounce Religion, Channel Magic, Forget Spell


You were in the Dungeon.
You worshipped Sif Muna.
Sif Muna was most pleased with you.
You visited 1 branch

Inventory:

Jewellery
 s - a +6 ring of intelligence (right tentacle)
 t - a +6 ring of intelligence (left tentacle)
 y - the amulet of Sevecos (around mantle) {Acrobat Int+3}
   (You found it in the Dungeon)

   [amulet of the acrobat]

   It increases your evasion while moving and waiting.
   It affects your intelligence (+3).
Wands
 j - a wand of mindburst (7)
 r - a wand of acid (6)
Scrolls
 g - 3 scrolls of blinking
 l - 4 scrolls of amnesia
 m - 7 scrolls of fog
 n - a scroll of holy word
 o - 5 scrolls of identify
 p - 2 scrolls of fear
 w - 2 scrolls of brand weapon
Potions
 a - 2 potions of brilliance
 b - 10 potions of curing
 c - 10 potions of heal wounds
 d - 6 potions of haste
 e - 7 potions of magic
 f - 3 potions of berserk rage
 h - 2 potions of invisibility
 i - 4 potions of resistance
 k - 5 potions of might
Miscellaneous
 u - a lightning rod (4/4)
 v - a phial of floods
 x - a box of beasts


   Skills:
 + Level 3.5 Fighting
 + Level 4.2 Dodging
 - Level 2.6 Stealth
 + Level 5.5 Spellcasting
 - Level 1.0 Conjurations
 * Level 8.7 Air Magic
 * Level 5.7 Invocations


You had 4 spell levels left.
You knew the following spells:

 Your Spells              Type           Power      Damage    Failure   Level
a - Shock                 Conj/Air       100%       1d9       1%          1
b - Static Discharge      Conj/Air       43%        N/A       1%          2
c - Airstrike             Air            31%        N/A       1%          4
d - Lightning Bolt        Conj/Air       21%        1d36      14%         5

Your spell library contained the following spells:

 Spells                   Type           Power      Damage    Failure   Level
 Swiftness                Air            63%        N/A       1%          3
 Foxfire                  Conj/Fire      52%        2x1d6     3%          1
 Summon Small Mammal      Summ           36%        N/A       4%          1
 Call Imp                 Summ           9%         N/A       6%          2
 Summon Guardian Golem    Hex/Summ       9%         N/A       12%         3
 Cause Fear               Hex            4%         N/A       36%         4
 Fireball                 Conj/Fire      6%         3d5       65%         5
 Bolt of Magma            Conj/Fire/Erth 6%         4d6       67%         5
 Dragon Form              Tmut           4%         N/A       100%        7
 Dragon's Call            Summ           4%         N/A       100%        9
 Animate Armour           Summ/Erth      Unusable   N/A       N/A         4

Dungeon Overview and Level Annotations

Branches:
Dungeon (1/1)

Altars:
Ashenzari
Cheibriados
Dithmenos
Elyvilon
Fedhas
Gozag
Hepliaklqana
Kikubaaqudgha
Makhleb
Nemelex Xobeh
Okawaru
Qazlal
Ru
Sif Muna
Trog
Uskayaw
Vehumet
Wu Jian
Xom
Yredelemnul
Zin
The Shining One
Beogh
Jiyva
Lugonu


Innate Abilities, Weirdness & Mutations

You cannot wear most types of armour.
You are amphibious.
You can wear up to eight rings at the same time.
Your skin changes colour to match your surroundings (Stealth+).
Your rubbery body absorbs attacks. (AC +1, EV +1)
((You are camouflaged near water. (Stealth+)))
You have tentacles for arms and can constrict up to eight enemies at once.


Message History

The air elemental is heavily damaged.
The now-empty wand crumbles to dust.
A vortex of raging winds appears around the air elemental!
The deep elf knight casts a spell at itself.
The deep elf knight flickers and vanishes!
Deactivating autopickup; reactivate with Ctrl-A.
Okay, then.
Drop what? 24/52 slots (_ for help) (? for menu, Esc to quit)
Okay, then.
Press: ? - help, v - describe, . - travel The floor.
Blink to where?
Press: ? - help, Dir - move target
As you read the scroll of blinking, it crumbles to dust.
The vortex of raging winds lifts you up.
You fly up into the air.
Welcome to arena 6.
You enter the transporter and appear at another place.
A bone dragon, 2 white imps, an ufetubus, a shadow imp and a large abomination come into view.
The ufetubus shouts!
The white imp shouts, "Fly, thou fobbing tickle-brained slabber!"
The air elemental hits you.
The air elemental hits you but does no damage.
Found five items.
The winds around the air elemental start to calm down.
The air elemental barely misses you. Something barely misses you.
The air elemental completely misses you.
The white imp gestures at you. The puff of frost hits you.
Unknown command.
Aiming: Corrosive Bolt
Press: ? - help, Shift-Dir - straight line The bolt of acid misses the air elemental.
The bolt of acid hits the large abomination.
The large abomination is splashed with acid.
The acid corrodes the large abomination!
The large abomination is lightly damaged.
The white imp shouts!
The shadow imp shouts!
You are engulfed in raging winds.
The air elemental hits you! x2
You die...

▓..}})..▓
▓..555..▓
▓.....X.▓
▓.......▓
▓.§5§§§§▓
▓.§§§§§§▓
▓..§E§§§▓
▓.§@§.§§▓
▓▓▓▓▓▓▓▓▓


You could see a large abomination (corroded), an air elemental, 2 white imps, a
shadow imp and an ufetubus.

Vanquished Creatures
  A necrophage (D)
  A wight (D)
  An orc priest (D)
  2 orc wizards (D)
  An adder skeleton (D)
  An orc (D)
  A bat zombie (D)
  2 jackals (D)
  2 ball python zombies (D)
  A jackal skeleton (D)
13 creatures vanquished.

Notes
Turn   | Place    | Note
-------+----------+-------------------------------------------
     0 | D        | Zeld the Octopode Air Elementalist began the quest for the
                  | Orb.
     0 | D        | Reached XP level 1. HP: 11/11 MP: 3/3
     2 | D        | Found a blossoming altar of Fedhas.
     3 | D        | Found the +6 Majin-Bo {vamp, MP+6 Int+6}
     3 | D        | Found the +9 heavy crossbow "Sniper" {vorpal, Acc+∞ SInv}
     3 | D        | Found the +10 dark maul {vorpal}
     3 | D        | Found the +15 Maxwell's patent armour {-Cast -Tele rElec
                  | Will+ rCorr}
     3 | D        | Found the +18 shield of the Gong {rElec rN+ Will+ EV-5}
     3 | D        | Found the +14 obsidian axe {vorpal, Drain Fly SInv}
     3 | D        | Found the +7 great mace "Firestarter" {inner flame, rF++}
     3 | D        | Found the +6 shillelagh "Devastator" {shatter}
     3 | D        | Found the +11 plutonium sword {Contam Stlth-}
     3 | D        | Found the +8 lance "Wyrmbane" {slay drac, rPois rF+ rC+
                  | AC+3}
     3 | D        | Found the +9 sword of Zonguldrok {reap}
     3 | D        | Found the +13 scythe of Curses {drain, Drain}
     3 | D        | Found the +5 sword of Power {vorpal}
     3 | D        | Found the +7 mace of Variability {chain chaos}
     3 | D        | Found the +7 Singing Sword {vorpal, sonic wave}
     3 | D        | Found the +8 storm bow {elec, penet}
     5 | D        | Found a shimmering blue altar of Sif Muna.
     5 | D        | Found a sacrificial altar of Ru.
     5 | D        | Found a bloodstained altar of Trog.
     5 | D        | Found a stormy altar of Qazlal.
     5 | D        | Found an iron altar of Okawaru.
     5 | D        | Found a sparkling altar of Nemelex Xobeh.
     7 | D        | Found a transporter.
     7 | D        | Found an ancient bone altar of Kikubaaqudgha.
     7 | D        | Found a viscous altar of Jiyva.
     7 | D        | Found a corrupted altar of Lugonu.
     7 | D        | Found a hazy altar of Hepliaklqana.
     7 | D        | Found a burning altar of Makhleb.
     7 | D        | Found an opulent altar of Gozag.
    11 | D        | Reached skill level 6 in Air Magic
    11 | D        | Reached XP level 2. HP: 17/17 MP: 4/7
    27 | D        | Became a worshipper of Sif Muna the Loreminder
    33 | D        | Learned a level 2 spell: Static Discharge
    47 | D        | Entered arena 2.
    47 | D        | Found a transporter.
   255 | D        | Entered arena 3.
   255 | D        | Found a transporter.
   257 | D        | Reached * piety under Sif Muna
   303 | D        | Entered arena 4.
   303 | D        | Found a transporter.
   304 | D        | Reached ** piety under Sif Muna
   307 | D        | Reached skill level 1 in Fighting
   307 | D        | Reached skill level 7 in Air Magic
   307 | D        | Reached XP level 3. HP: 10/24 MP: 7/9
   307 | D        | Reached XP level 4. HP: 12/29 MP: 7/10
   314 | D        | Learned a level 4 spell: Airstrike
   572 | D        | Entered arena 5.
   572 | D        | Noticed a necrophage
   572 | D        | Found a transporter.
   574 | D        | Reached *** piety under Sif Muna
   575 | D        | Reached skill level 5 in Spellcasting
   575 | D        | Reached skill level 8 in Air Magic
   575 | D        | Reached XP level 5. HP: 36/36 MP: 10/12
   575 | D        | Killed a necrophage
   576 | D        | Reached skill level 5 in Invocations
   577 | D        | Reached XP level 6. HP: 42/42 MP: 10/14
   583 | D        | Learned a level 5 spell: Lightning Bolt
   587 | D        | Got the amulet of Sevecos {Acrobat Int+3}
   591 | D        | Got the Tome of the Creative Volcanoes
   702 | D        | Entered arena 6.
   702 | D        | Noticed a +4 short sword of freezing
   702 | D        | Noticed a deep elf knight
   702 | D        | Noticed an air elemental
   702 | D        | Found a transporter.
   705 | D        | Entered arena 7.
   705 | D        | Noticed a large abomination
   705 | D        | Noticed a bone dragon
   706 | D        | Found the +12 glaive of Prune {vorpal}
   707 | D        | Slain by an air elemental

Illustrated notes

Levels and vault maps discovered:
D:        sprint_v [room_start, room_1, room_2, room_3, room_4, room_5, room_6,
          room_7, room_8, room_9, room_10, room_11, room_12, room_13, room_14,
          room_15, room_16, room_17, room_18, room_19, room_20, room_21,
          room_22, room_23, room_24, room_25, room_26, room_27]

Skill      XL: |  1  2  3  4  5 |
---------------+----------------+-----
Spellcasting   | 4 5 |  5.5
Air Magic      | 6 7 8 |  8.7
Fighting       | 1 2 3 |  3.5
Invocations    | 3 4 5 |  5.7
Dodging        | 3 4 |  4.2
Stealth        | |  2.6
Conjurations   | |  1.0

Action                   |  1- 3 |  4- 6 || total
-------------------------+-------+-------++-------
Melee: Unarmed           |     8 |       ||     8
       Constrict         |     1 |       ||     1
 Cast: Shock             |     7 |       ||     7
Evoke: Wand              |     2 |     6 ||     8
       Lightning rod     |       |     2 ||     2
  Use: Potion            |     1 |       ||     1
       Scroll            |       |     1 ||     1
Armor: Skin              |     3 |     1 ||     4
Dodge: Dodged            |     4 |     3 ||     7

Table legend: (Time is in decaauts)
 A = Elapsed time spent in this place.
 B = Non-inter-level travel time spent in this place.
 C = Inter-level travel time spent in this place.
 D = Time resting spent in this place.
 E = Time spent auto-exploring this place.
 F = Levels seen in this place.
 G = Mean time per level.
                   A        B        C        D        E       F      G
               +--------+--------+--------+--------+--------+-----+--------+
         Total |    706 |    706 |      0 |    573 |      0 |   1 |  706.0 |
       Dungeon |    706 |    706 |      0 |    573 |      0 |   1 |  706.0 |
               +--------+--------+--------+--------+--------+-----+--------+

Top non-repeatable levels by time:
       D: 706 daAuts
